AoeStats
← AxingQuestions

Arena

503920232Analyzed
4v4 RM · 29d ago on Sep 3, 2026· 47m 37s· 8 players
Game mode
Random Map
Map size
Large (8 player)
Population
200
Speed
Normal
Resources
Standard
Victory
Conquest
Starting age
Dark Age
Ending age
Imperial Age
RankedLock teamsTeams togetherTeam positionsShared explorationLock speedFull tech treeHidden civsTurbo modeCheats
Victory
Defeat
🇪🇨 Gurjaras · Ecuador
1245
+10
🇦🇷 Cumans · Argentina
1092
+16
🇵🇪 Bohemians · Peru
1090
+16
🇦🇷 Romans · Argentina
1084
+17
🇺🇸 Vietnamese · United States
1163
-19
🇦🇺 Hindustanis · Australia
1115
-15
🇨🇳 Franks · China
1094
-14
🇺🇸 Byzantines · United States
1021
-11
SAUB
10:03 Loom
11:49 Feudal Age
17:05 Castle Age
18:23 Double-Bit Axe
18:20 Horse Collar
26:54 Imperial Age
28:58 Chemistry
30:27 Wheelbarrow
32:17 Pikeman
36:35 Halberdier
41:38 Forging
41:28 Scale Mail Armor
45:18 Bow Saw
45:11 Heavy Plow
45:33 Fletching
46:20 Iron Casting
46:00 Chain Mail Armor
49:03 Two-Man Saw
TREX KID BOO
10:03 Feudal Age
10:44 Loom
15:17 Castle Age
13:52 Double-Bit Axe
13:51 Horse Collar
25:14 Redemption
26:25 Wheelbarrow
26:47 Bow Saw
26:39 Heavy Plow
28:56 Town Watch
29:26 Hand Cart
29:44 Bloodlines
29:35 Husbandry
28:56 Light Cavalry
33:02 Imperial Age
30:35 Town Patrol
31:10 Kshatriyas
31:00 Gold Mining
31:00 Stone Mining
31:20 Scale Barding Armor
31:28 Forging
33:03 Chain Barding Armor
33:21 Iron Casting
33:15 Heavy Camel Rider
34:23 Frontier Guards
34:42 Plate Barding Armor
39:44 Crop Rotation
39:53 Gold Shaft Mining
39:54 Stone Shaft Mining
43:11 Elite Shrivamsha Rider
poteytor123
7:04 Loom
9:24 Feudal Age
11:15 Double-Bit Axe
16:09 Horse Collar
21:35 Gold Mining
25:28 Castle Age
25:29 Stone Mining
26:36 Bow Saw
27:59 Gold Shaft Mining
28:52 Bloodlines
29:44 Forging
29:40 Scale Barding Armor
33:18 Imperial Age
33:28 Cavalier
34:24 Pikeman
35:43 Iron Casting
35:09 Scale Mail Armor
35:30 Chain Barding Armor
36:03 Conscription
36:42 Paladin
37:42 Halberdier
38:23 Squires
39:30 Chain Mail Armor
40:15 Blast Furnace
39:51 Plate Barding Armor
39:58 Wheelbarrow
Beto Casela
11:54 Feudal Age
12:44 Man-at-Arms
16:31 Castle Age
14:56 Scale Mail Armor
16:37 Long Swordsman
17:44 Chain Mail Armor
21:01 Pikeman
24:48 Squires
24:49 Double-Bit Axe
26:01 Wheelbarrow
26:13 Scale Barding Armor
28:27 Bow Saw
28:09 Gold Mining
28:00 Horse Collar
32:36 Imperial Age
29:56 Loom
30:28 Hand Cart
29:58 Town Watch
32:03 Forging
32:17 Chain Barding Armor
32:49 Bloodlines
32:40 Husbandry
33:20 Iron Casting
33:47 Gold Shaft Mining
34:45 Legionary
37:20 Blast Furnace
37:40 Halberdier
42:22 Elite Centurion
43:26 Comitatenses
42:27 Elite Centurion
AxingQuestions
10:35 Feudal Age
12:15 Loom
14:56 Castle Age
12:49 Double-Bit Axe
13:03 Stone Mining
13:33 Horse Collar
31:05 Bow Saw
33:21 Fletching
34:22 Gold Mining
35:36 Heavy Plow
36:25 Bodkin Arrow
39:26 Wheelbarrow
38:55 Padded Archer Armor
39:22 Fortified Wall
40:52 Ballistics
41:28 Hand Cart
41:56 Leather Archer Armor
42:13 Town Watch
Starman
8:23 Loom
10:21 Feudal Age
11:04 Double-Bit Axe
11:02 Horse Collar
11:15 Gold Mining
18:02 Castle Age
17:18 Stone Mining
20:35 Wheelbarrow
22:31 Hand Cart
30:33 Gold Shaft Mining
36:56 Pikeman
37:37 Squires
Angel of War603
11:22 Feudal Age
15:25 Castle Age
13:24 Double-Bit Axe
15:29 Horse Collar
16:26 Bloodlines
16:25 Scale Barding Armor
16:31 Forging
18:05 Loom
23:07 Wheelbarrow
22:22 Town Watch
25:53 Hand Cart
26:23 Heavy Plow
30:00 Imperial Age
27:53 Chain Barding Armor
28:08 Iron Casting
28:06 Bow Saw
28:21 Town Patrol
28:33 Husbandry
28:36 Gold Mining
30:13 Heavy Camel Rider
32:19 Plate Barding Armor
34:24 Blast Furnace
33:32 Imperial Camel Rider
35:12 Conscription
35:12 Fletching
37:08 Two-Man Saw
37:01 Bodkin Arrow
37:30 Ballistics
38:10 Chemistry
38:49 Gold Shaft Mining
39:07 Bracer
39:18 Murder Holes
39:34 Fortified Wall
43:27 Shatagni
44:19 Hoardings
44:15 Grand Trunk Road
44:31 Masonry
熊大来袭
11:11 Feudal Age
12:43 Wheelbarrow
17:11 Castle Age
15:29 Double-Bit Axe
23:23 Bow Saw
25:33 Hand Cart
26:59 Gold Mining
29:00 Gold Shaft Mining
32:50 Imperial Age
30:41 Scale Barding Armor
30:47 Forging
31:10 Husbandry
33:23 Chain Barding Armor
33:39 Iron Casting
33:14 Cavalier
34:24 Conscription
35:57 Plate Barding Armor
36:22 Blast Furnace
34:53 Paladin
34:59 Pikeman
35:40 Squires
35:44 Scale Mail Armor
35:34 Halberdier
39:45 Chain Mail Armor
Connection lost

Rejoining the realm…

Still unreachable

The connection could not be restored.

Session expired

The server has moved on; the page needs a fresh start.